 Dungeon Crawl Stone Soup version 0.30-a0-800-g7c544603b3 (webtiles) character file.

Game seed: 11167164347766136314

11 Mickster the Chopper (level 2, -2/27 HPs)
             Began as a Hill Orc Berserker on Feb 22, 2023.
             Was a Follower of Trog.
             Slain by an adder (4 damage)
             ... on level 2 of the Dungeon.
             The game lasted 00:07:39 (905 turns).

Mickster the Chopper (Hill Orc Berserker)            Turns: 905, Time: 00:07:40

Health: -2/27      AC:  3    Str: 19    XL:     2   Next: 25%
Magic:  2/2        EV: 12    Int:  7    God:    Trog [*.....]
Gold:   25         SH:  0    Dex: 10    Spells: 1/1 levels left

rFire   . . .      SeeInvis .    a - +0 hand axe
rCold   . . .      Faith    .    (no shield)
rNeg    . . .      Spirit   .    b - +1 animal skin
rPois   .          Reflect  .    (no helmet)
rElec   .          Harm     .    (no cloak)
rCorr   .          Rampage  .    (no gloves)
Will    .....                    (no boots)
Stlth   +                        (no amulet)
HPRegen 0.24/turn                (no ring)
MPRegen 0.08/turn                (no ring)

@: lethally poisoned (-2 -> -3)
A: no striking features
a: Renounce Religion, Berserk


You were on level 2 of the Dungeon.
You worshipped Trog.
Trog was aware of your devotion.
You visited 1 branch of the dungeon, and saw 2 of its levels.

You collected 25 gold pieces.

Inventory:

Hand Weapons
 a - a +0 hand axe (weapon)
 d - a +0 sling
Missiles
 c - 10 stones
 e - 5 poisoned darts (quivered)
Armour
 b - a +1 animal skin (worn)
Scrolls
 f - a scroll of identify


   Skills:
 + Level 4.0 Fighting
 * Level 4.4 Axes
 + Level 2.2 Armour
 + Level 1.6 Dodging


You had one spell level left.
You didn't know any spells.
Your spell library was empty.

Dungeon Overview and Level Annotations

Branches:
Dungeon (2/15)

Altars:


Message History

The hobgoblin is heavily wounded.
You barely miss the adder.
You feel sick. The adder bites you.
You are more poisoned.
The adder poisons you! The hobgoblin hits you.
You hit the hobgoblin but do no damage.
The hobgoblin is moderately wounded.
You closely miss the adder.
You feel very sick. The adder barely misses you.
The hobgoblin hits you but does no damage.
You closely miss the hobgoblin.
The hobgoblin is moderately wounded.
You closely miss the adder.
You feel sick. The adder misses you. The hobgoblin barely misses you.
The adder bites you but does no damage.
You hit the hobgoblin.
You kill the hobgoblin!
Trog accepts your kill.
You closely miss the adder. You completely miss the hobgoblin.
You feel sick. The adder barely misses you. The hobgoblin misses you.
You feel sick. The hobgoblin barely misses you. The adder bites you.
* * * LOW HITPOINT WARNING * * *
You see here a hobgoblin corpse.
You miss the adder.
The adder is severely wounded.
You closely miss the hobgoblin.
You feel sick.
The hobgoblin hits you but does no damage.
The adder bites you but does no damage.
You miss the adder.
The adder is severely wounded.
You hit the hobgoblin. You hit the rat.
You feel sick. The adder closely misses you. The hobgoblin closely misses you.
The rat closely misses you. The adder bites you.
* * * LOW HITPOINT WARNING * * *
You hit the adder.
The adder is almost dead.
You barely miss the hobgoblin. You hit the rat but do no damage.
* * * LOW HITPOINT WARNING * * *
You feel sick. The rat completely misses you. The hobgoblin misses you.
The adder bites you.
You die...

#.#..... ... .
..... ....
#.#...# ....
#.#...#.....
#.#...#.!....
##............
#...gr.##..##.
#!.@S.(......
#..#.<.##..##.
#... #...# .#
#.# #..... ..
##...... .
#####...# ..##
.# #


You could see an adder, a hobgoblin and a rat.

Vanquished Creatures
  A ball python (D:1)
  A bat (D:1)
  An endoplasm (D:1)
  5 hobgoblins
8 creatures vanquished.

Notes
Turn   | Place    | Note
-------+----------+-------------------------------------------
     0 | D:1      | Mickster the Hill Orc Berserker began the quest for the
                  | Orb.
     0 | D:1      | Reached XP level 1. HP: 19/19 MP: 1/1
   155 | D:1      | Reached XP level 2. HP: 25/27 MP: 2/2
   905 | D:2      | Slain by an adder

Illustrated notes

Levels and vault maps discovered:
D:1:      minmay_arrival_nine_rooms, layout_loops_ring
D:2:      layout_loops_ring, uniq_jessica

Skill      XL: |  1  2 |
---------------+-------+-----
Fighting       | 4 |  4.0
Axes           | |  4.4
Armour         | |  2.2
Dodging        | |  1.6

Action                     || total
---------------------------++-------
  Melee: Hand axe          ||    35
    Use: Scroll            ||     3
 Armour: Animal skin       ||    12
  Dodge: Dodged            ||    30

Table legend: (Time is in decaauts)
 A = Elapsed time spent in this place.
 B = Non-inter-level travel time spent in this place.
 C = Inter-level travel time spent in this place.
 D = Time resting spent in this place.
 E = Time spent auto-exploring this place.
 F = Levels seen in this place.
 G = Mean time per level.
                   A        B        C        D        E       F      G
               +--------+--------+--------+--------+--------+-----+--------+
         Total |    907 |    868 |     39 |    106 |      0 |   2 |  453.5 |
       Dungeon |    907 |    868 |     39 |    106 |      0 |   2 |  453.5 |
               +--------+--------+--------+--------+--------+-----+--------+

Top non-repeatable levels by time:
     D:1: 892 daAuts
     D:2: 14 daAuts
